AoeStats
← evilbanane

Arena

509933013Analyzed
1v1 RM · 4d ago on Sep 28, 2026· 41m 41s· 2 players
Game mode
Random Map
Map size
Tiny (2 player)
Population
200
Speed
Normal
Resources
Standard
Victory
Conquest
Starting age
Dark Age
Ending age
Imperial Age
RankedLock teamsTeams togetherTeam positionsShared explorationLock speedFull tech treeHidden civsTurbo modeCheats
Victory
Defeat
🇩🇪 Franks · Germany
785
+14
🇩🇪 Malay · Germany
750
-14
evilbanane
8:09 Loom
11:08 Feudal Age
15:17 Castle Age
13:07 Horse Collar
13:53 Double-Bit Axe
15:29 Wheelbarrow
16:43 Town Watch
23:28 Forging
25:26 Heavy Plow
25:36 Squires
25:00 Man-at-Arms
28:24 Gold Mining
28:04 Long Swordsman
31:15 Bow Saw
35:20 Imperial Age
33:41 Hand Cart
34:07 Fletching
35:33 Forced Levy
37:48 Iron Casting
37:10 Bodkin Arrow
37:02 Two-Handed Swordsman
38:42 Crop Rotation
DarkEater
10:35 Feudal Age
15:55 Castle Age
14:08 Double-Bit Axe
15:29 Gold Mining
16:49 Loom
26:21 Bow Saw
30:52 Imperial Age
29:45 Husbandry
29:53 Light Cavalry
30:44 Scale Barding Armor
32:41 Chemistry
33:55 Wheelbarrow
33:06 Town Watch
34:22 Fletching
35:32 Hand Cart
35:03 Loom
36:22 Scale Mail Armor
36:18 Bodkin Arrow
36:50 Chain Barding Armor
40:32 Padded Archer Armor
Connection lost

Rejoining the realm…

Still unreachable

The connection could not be restored.

Session expired

The server has moved on; the page needs a fresh start.